 Dungeon Crawl Stone Soup version 0.25-a0-743-g84dc20635f (webtiles) character file.

Game seed: 15633518038732461846, levelgen mode: deterministic

1464 Hastur the Chiller (level 8, 0/68 HPs)
             Began as a Green Draconian Ice Elementalist on Apr 13, 2020.
             Slain by a wyvern zombie (9 damage)
             ... on level 6 of the Dungeon.
             The game lasted 00:20:00 (6047 turns).

Hastur the Chiller (DrIE)                           Turns: 6047, Time: 00:20:01

Health: 0/68       AC:  6    Str:  9    XL:     8   Next: 48%
Magic:  12/15      EV: 12    Int: 17    God:
Gold:   209        SH:  0    Dex: 12    Spells: 9/17 levels left

rFire    . . .     SeeInvis .   D - +2 flail (venom)
rCold    . . .     Gourm    .   (no shield)
rNeg     . . .     Faith    .   (armour unavailable)
rPois    +         Spirit   .   (helmet restricted)
rElec    .         Reflect  .   (no cloak)
rCorr    .         Harm     .   (no gloves)
MR       .....     Rnd*Rage +   (no boots)
Stlth    ++........             (no amulet)
HPRegen  0.21/turn              (no ring)
MPRegen  0.14/turn              (no ring)

@: lightly drained
A: breathe noxious fumes, unfitting armour, berserk 1, poison resistance, weak
1, evolution 1, cold-blooded, AC +6
a: Breathe Noxious Fumes


You were on level 6 of the Dungeon.
You were not hungry.

You visited 2 branches of the dungeon, and saw 7 of its levels.

You collected 209 gold pieces.

Inventory:

Hand Weapons
 d - a +0 short sword
 g - a +0 hunting sling
 C - a +3 quarterstaff
 D - a +2 flail of venom (weapon)
Missiles
 f - 83 stones (quivered)
 v - 23 poisoned darts
Armour
 z - the +1 cloak of Subjectivity {rPois rCorr Str+6 Int-4, unknown}
   (You found it on level 4 of the Dungeon)

   It affects your strength (+6).
   It affects your intelligence (-4).
   It protects you from poison.
   It provides partial protection from all sources of acid and corrosion.
Jewellery
 c - an uncursed amulet of harm {unknown}
 l - a +1 ring of protection {unknown}
 o - a +3 amulet of reflection
 s - an uncursed ring of stealth {unknown}
 u - an uncursed amulet of the gourmand {unknown}
 E - an uncursed amulet of faith {unknown}
Wands
 B - a wand of iceblast (13)
 F - a wand of digging (7)
 G - a wand of acid (6)
Scrolls
 k - 8 scrolls of identify {unknown}
 m - a scroll of blinking {unknown}
 n - a scroll of teleportation {unknown}
 q - a scroll of fog {unknown}
 r - 4 scrolls of enchant weapon {unknown}
 t - a scroll of random uselessness {unknown}
 y - a scroll of immolation {unknown}
Potions
 a - 3 potions of mutation
 e - 2 potions of brilliance {unknown}
 h - a potion of flight {unknown}
 i - 4 potions of degeneration {unknown}
 j - 2 potions of curing {unknown}
 p - a potion of berserk rage {unknown}
 w - a potion of stabbing {unknown}
 x - a potion of might {unknown}
Comestibles
 b - 14 rations


   Skills:
 - Level 5.0(4.8) Fighting
 - Level 1.7(1.6) Dodging
 - Level 3.1(3.0) Stealth
 - Level 5.0(4.8) Spellcasting
 + Level 5.7(5.5) Summonings
 - Level 6.0(5.8) Ice Magic


You had 9 spell levels left.
You knew the following spells:

 Your Spells              Type           Power        Failure   Level  Hunger
a - Freeze                Ice            ###.         1%          1    None
b - Frozen Ramparts       Ice            ###...       4%          3    ###....
c - Summon Ice Beast      Ice/Summ       ###.....     14%         4    ####...

Your spell library contained the following spells:

 Spells                   Type           Power        Failure   Level  Hunger
 Ozocubu's Armour         Chrm/Ice       ##......     13%         3    ###....
 Hailstorm                Conj/Ice       ##......     41%         4    ####...


Dungeon Overview and Level Annotations

Branches:
Dungeon (6/15)             Temple (1/1) D:5

Altars:
Ashenzari
Cheibriados
Dithmenos
Elyvilon
Fedhas
Gozag
Hepliaklqana
Kikubaaqudgha
Makhleb
Nemelex Xobeh
Okawaru
Qazlal
Ru
Trog
Uskayaw
Vehumet
Wu Jian
Xom
Yredelemnul
Zin

Annotations:
D:3 1 runed translucent door, Crazy Yiuf, Grinder


Innate Abilities, Weirdness & Mutations

You can breathe blasts of noxious fumes.
Your lurid green scales are hard. (AC +6)
You cannot fit into any form of body armour.
Your system is resistant to poisons. (rPois)
You are cold-blooded and may be slowed by cold attacks.
You tend to lose your temper in combat.
You are weak. (Str -2)
You evolve.


Message History

The wyvern zombie barely misses you.
You barely miss the wyvern zombie. You tail-slap the wyvern zombie.
The wyvern zombie is moderately damaged.
The wyvern zombie completely resists.
The wall freezes the wyvern zombie but do no damage.
The wyvern zombie misses you.
The wyvern zombie completely resists.
The wall freezes the wyvern zombie but do no damage.
The wyvern zombie bites you!
You sock the wyvern zombie!
The wyvern zombie is heavily damaged.
The frozen ramparts melt away.
The wyvern zombie bites you! x2
* * * LOW HITPOINT WARNING * * *
Unknown command.
There is an open door here.
Okay, then.
It was a potion of mutation.
You feel extremely strange.
You feel a little pissed off.
You feel weaker.
You feel nature experimenting on you.
Don't worry, failures die fast.
The wyvern zombie bites you!
You die...

......##
#..........).....######
....#..# #................#
###.##.##
#.........)....รท.#
###.##..###.##########+#...#
................... +..>#
###.###.###.####.## #...#
.....##..##.####.#####.###.#
...#####.##.)..........# #.#
...# #.#######@####### #.#
...# ###.## #..Z.....# #.#
...# #....# #........# #.#
...# #....## #........# ...#
#.....# #........# ...#
#...#.## #........# ...#
#####..# #........# ...#
##.####'####### ..##
##..###.# #


You could see a wyvern zombie.

Vanquished Creatures
  Prince Ribbit (D:5)
  An orc warrior (D:6)
  2 ogres
  2 centaurs
  A howler monkey (D:3)
  A crimson imp (D:6)
  3 orc priests
  3 orc wizards
  Jessica (D:3)
  4 iguanas
  5 worker ants
  Robin (D:2)
  12 adders
  4 gnolls (D:4)
  2 shadow imps
  3 oozes
  2 worms (D:2)
  A dart slug (D:4)
  3 leopard geckos
  22 orcs
  8 bats
  6 giant cockroaches
  8 goblins
  9 hobgoblins
  18 jackals
  4 quokkas
  2 ball pythons
  3 frilled lizards
  7 kobolds
  7 rats
146 creatures vanquished.

Vanquished Creatures (collateral kills)
  A wight (D:6)
1 creature vanquished.

Grand Total: 147 creatures vanquished

Notes
Turn   | Place    | Note
-------+----------+-------------------------------------------
     0 | D:1      | Hastur the Draconian Ice Elementalist began the quest for
                  | the Orb.
     0 | D:1      | Reached XP level 1. HP: 14/14 MP: 3/3
   237 | D:1      | Reached skill level 1 in Fighting
   288 | D:1      | Reached XP level 2. HP: 23/23 MP: 3/5
   764 | D:2      | Reached XP level 3. HP: 25/29 MP: 1/7
   847 | D:2      | Learned a level 3 spell: Frozen Ramparts
  1128 | D:2      | Reached XP level 4. HP: 37/37 MP: 5/8
  1270 | D:2      | Noticed Robin
  1279 | D:2      | Killed Robin
  1677 | D:2      | Found a hide-covered altar of Uskayaw.
  1678 | D:2      | Found a shimmering altar of Xom.
  1788 | D:3      | Noticed Grinder
  2045 | D:3      | Reached XP level 5. HP: 45/45 MP: 8/10
  2179 | D:3      | Noticed Jessica
  2199 | D:3      | Killed Jessica
  2350 | D:3      | Found a runed translucent door.
  2351 | D:3      | Noticed Crazy Yiuf
  2677 | D:4      | Reached XP level 6. HP: 45/53 MP: 7/12
  2797 | D:3      | Reached skill level 5 in Fighting
  3278 | D:4      | Reached skill level 5 in Spellcasting
  3444 | D:4      | Your scales start taking on a lurid green colour.
  3444 | D:4      | Reached XP level 7. HP: 22/61 MP: 4/14
  3444 | D:4      | Gained mutation: Your system is resistant to poisons.
                  | (rPois) [Green Draconian growth]
  3680 | D:4      | Got an ichor-stained cloak
  4192 | D:5      | Entered Level 5 of the Dungeon
  4192 | D:5      | Found a staircase to the Ecumenical Temple.
  4199 | Temple   | Entered the Ecumenical Temple
  4393 | Temple   | Learned a level 4 spell: Summon Ice Beast
  4452 | D:5      | Noticed Prince Ribbit
  4603 | D:5      | Killed Prince Ribbit
  4603 | D:5      | Reached skill level 5 in Ice Magic
  5036 | D:5      | Reached XP level 8. HP: 39/68 MP: 11/15
  5398 | D:5      | Reached skill level 6 in Ice Magic
  5771 | D:6      | Reached skill level 5 in Summonings
  6047 | D:6      | Gained mutation: You tend to lose your temper in combat.
                  | [potion of mutation]
  6047 | D:6      | Gained mutation: You are weak. (Str -2) [potion of
                  | mutation]
  6047 | D:6      | Gained mutation: You evolve. [potion of mutation]
  6047 | D:6      | Slain by a wyvern zombie

Levels and vault maps discovered:
D:1:      ebering_hopf_link, layout_basic
D:2:      layout_loops_ring, minitemple, uniq_robin
D:3:      layout_basic, uniq_sigmund, uniq_jessica, uniq_crazy_yiuf_cottage,
          uniq_grinder
D:4:      layout_loops_cross, first_ration
D:5:      layout_loops_corners, temple_fountains, uniq_prince_ribbit1
D:6:      layout_basic
Temple:   dpeg_five_rooms_temple

Skill      XL: |  1  2  3  4  5  6  7  8 |
---------------+-------------------------+-----
Fighting       | 1 2 3 4 5 |  5.0
Spellcasting   | 3 4 5 |  5.0
Stealth        | 2 3 |  3.1
Summonings     | 3 5 |  5.7
Ice Magic      | 5 6 |  6.0
Dodging        | |  1.7

Action                   |  1- 3 |  4- 6 |  7- 9 || total
-------------------------+-------+-------+-------++-------
Melee: Unarmed           |     7 |       |       ||     7
       Short sword       |     5 |    10 |    32 ||    47
       Tailslap          |       |       |     6 ||     6
       Flail             |       |       |    10 ||    10
 Fire: Hunting sling     |    20 |   119 |       ||   139
Throw: Stone             |     1 |       |       ||     1
       Dart              |       |     1 |       ||     1
 Cast: Freeze            |    38 |    62 |    49 ||   149
       Frozen Ramparts   |     3 |    13 |    18 ||    34
       Summon Ice Beast  |       |       |     1 ||     1
  Use: Potion            |       |       |     1 ||     1
  Eat: Chunk             |     1 |     8 |    10 ||    19
Armor: Skin              |    12 |    23 |    14 ||    49
Dodge: Dodged            |    39 |    53 |    55 ||   147

Table legend:
 A = Non-vault XP
 B = Vault XP
 C = Vault XP percentage of total XP
 D = Non-vault monster count
 E = Vault monster count
 F = Vault count percentage of total count
                 A         B        C        D         E       F
            +---------+---------+-------+---------+---------+-------
      Total |    1750 |     342 |  16.3 |     137 |      10 |   6.8
            +---------+---------+-------+---------+---------+-------
        D:1 |      35 |       0 |   0.0 |      16 |       0 |   0.0
        D:2 |     113 |      28 |  19.9 |      35 |       8 |  18.6
        D:3 |     229 |      37 |  13.9 |      31 |       1 |   3.1
        D:4 |     415 |       0 |   0.0 |      19 |       0 |   0.0
        D:5 |     528 |     277 |  34.4 |      22 |       1 |   4.3
        D:6 |     430 |       0 |   0.0 |      14 |       0 |   0.0
            +---------+---------+-------+---------+---------+-------
